AoeStats
← Valerian

Arabia

509700683Analyzed
1v1 RM · 5d ago on Sep 27, 2026· 40m 20s· 2 players
Game mode
Random Map
Map size
Tiny (2 player)
Population
200
Speed
Normal
Resources
Standard
Victory
Conquest
Starting age
Dark Age
Ending age
Imperial Age
RankedLock teamsTeams togetherTeam positionsShared explorationLock speedFull tech treeHidden civsTurbo modeCheats
Victory
Defeat
🇦🇷 Saxons · Argentina
1166
+17
🇩🇰 Hindustanis · Denmark
1177
-17
Cholo5
7:06 Loom
9:20 Feudal Age
9:22 Man-at-Arms
14:13 Double-Bit Axe
19:42 Gold Mining
22:35 Castle Age
22:43 Horse Collar
23:22 Crossbowman
24:56 Padded Archer Armor
25:07 Forging
25:03 Scale Barding Armor
24:46 Pikeman
25:28 Squires
25:47 Fletching
26:00 Scale Mail Armor
30:33 Thumb Ring
32:14 Wheelbarrow
31:25 Town Watch
34:02 Bodkin Arrow
39:43 Hand Cart
Valerian
6:37 Loom
9:06 Feudal Age
9:58 Double-Bit Axe
21:44 Castle Age
20:41 Horse Collar
21:55 Bloodlines
22:46 Wheelbarrow
21:57 Town Watch
22:37 Forging
22:33 Scale Barding Armor
23:45 Bow Saw
25:14 Iron Casting
28:21 Town Watch
29:23 Chain Barding Armor
29:17 Gold Mining
29:56 Elite Skirmisher
30:28 Fletching
31:04 Padded Archer Armor
31:48 Bodkin Arrow
32:08 Leather Archer Armor
32:58 Thumb Ring
38:08 Hand Cart
38:58 Heavy Plow
Connection lost

Rejoining the realm…

Still unreachable

The connection could not be restored.

Session expired

The server has moved on; the page needs a fresh start.